 Dungeon Crawl Stone Soup version 0.27-a0-1500-g450c7e4133 (webtiles) character file.

Game seed: 3421811305928508958

2666 gruber the Frost Mage (level 9, 57/57 HPs)
             Began as a Merfolk Ice Elementalist on July 7, 2021.
             Was a Believer of Vehumet.
             Quit the game on level 7 of the Dungeon.
             The game lasted 00:17:17 (9928 turns).

gruber the Frost Mage (Merfolk Ice Elementalist)    Turns: 9928, Time: 00:17:17

Health: 57/57      AC:  8    Str:  9    XL:     9   Next: 63%
Magic:  15/15      EV: 12    Int: 17    God:    Vehumet [**....]
Gold:   279        SH:  0    Dex: 14    Spells: 3/16 levels left

rFire    . . .     SeeInvis .   y - +0 short sword "Uheikoish" {vorpal, rPois}
rCold    . . .     Faith    .   (no shield)
rNeg     . . .     Spirit   .   a - +0 robe
rPois    +         Reflect  .   h - +2 helmet
rElec    .         Harm     .   j - +1 cloak
rCorr    .         Rampage  .   p - +0 pair of gloves
Will     .....                  (no boots)
Stlth    ++........             (no amulet)
HPRegen  0.19/turn              r - ring of flight
MPRegen  0.14/turn              (no ring)

@: flying
A: (nimble swimmer 2), mertail
a: Renounce Religion


You were on level 7 of the Dungeon.
You worshipped Vehumet.
Vehumet was pleased with you.
You visited 2 branches of the dungeon, and saw 8 of its levels.

You collected 279 gold pieces.

Inventory:

Hand Weapons
 g - a +0 dagger
 y - the +0 short sword "Uheikoish" (weapon) {vorpal, rPois}
   (You found it on level 6 of the Dungeon)

   It inflicts extra damage upon your enemies.
   rPois:     It protects you from poison.
Missiles
 m - 3 throwing nets
 x - 10 boomerangs of dispersal
 A - 3 datura-tipped darts
Armour
 a - a +0 robe (worn)
 h - a +2 helmet (worn)
 j - a +1 cloak (worn)
 p - a +0 pair of gloves (worn)
Magical Staves
 k - a staff of conjuration
Jewellery
 r - a ring of flight (left hand)
Wands
 t - a wand of paralysis (1)
 v - a wand of flame (17)
Scrolls
 b - a scroll of enchant armour
 e - 3 scrolls of identify {unknown}
 i - a scroll of immolation {unknown}
 q - 2 scrolls of teleportation
 s - a scroll of fog {unknown}
Potions
 c - 3 potions of curing
 d - 2 potions of attraction {unknown}
 f - 2 potions of lignification {unknown}
 l - 2 potions of might {unknown}
 n - 2 potions of mutation {unknown}
 o - 5 potions of heal wounds {unknown}
 u - a potion of haste {unknown}
 w - a potion of berserk rage {unknown}
 z - 3 potions of cancellation {unknown}


   Skills:
 - Level 0.1 Long Blades
 - Level 0.2 Axes
 - Level 2.6 Dodging
 - Level 2.1 Stealth
 * Level 4.4 Spellcasting
 - Level 6.0 Conjurations
 - Level 0.5 Transmutations
 - Level 8.5 Ice Magic
 - Level 5.0 Earth Magic
 - Level 1.0 Poison Magic
 - Level 1.6 Evocations


You had 3 spell levels left.
You knew the following spells:

 Your Spells              Type           Power      Damage    Failure   Level
a - Freeze                Ice            100%       1d11      1%          1
b - Frozen Ramparts       Ice            64%        1d8       1%          3
c - Hailstorm             Conj/Ice       28%        3d8       8%          4
d - Bolt of Magma         Conj/Fire/Erth 8%         4d6       67%         5

Your spell library contained the following spells:

 Spells                   Type           Power      Damage    Failure   Level
 Poisonous Vapours        Pois/Air       10%        N/A       19%         2
 Ozocubu's Armour         Ice            32%        N/A       1%          3
 Mephitic Cloud           Conj/Pois/Air  11%        N/A       17%         3
 Ignite Poison            Fire/Tmut/Pois 5%         N/A       36%         3
 Metabolic Englaciation   Hex/Ice        9%         N/A       58%         5
 Simulacrum               Ice/Necr       9%         N/A       99%         6


Dungeon Overview and Level Annotations

Branches:
Dungeon (7/15)             Temple (1/1) D:4

Altars:
Ashenzari
Cheibriados
Dithmenos
Elyvilon
Fedhas
Gozag
Hepliaklqana
Nemelex Xobeh
Okawaru
Ru
Sif Muna
Uskayaw
Vehumet
Wu Jian
Yredelemnul
Zin
The Shining One

Shops:
D:2 =(::[   D:4 :

Annotations:
D:5 2 transporters, Statics's ghost, amateur DsGl


Innate Abilities, Weirdness & Mutations

((You are quick and stealthy near water. (Stealth+, EV+, Speed+++)))
Your lower body shifts to a powerful aquatic tail in water.


Message History

The phantom resists.
The wall freezes the phantom.
The phantom barely misses you.
Unknown command.
You hit the phantom but do no damage.
The phantom is almost destroyed.
The phantom resists.
The wall freezes the phantom.
The phantom completely misses you.
You closely miss the phantom.
The phantom is almost destroyed.
The phantom resists.
The wall freezes the phantom.
The phantom hits you.
You barely miss the phantom.
The phantom is almost destroyed.
The frozen ramparts melt away.
The phantom closely misses you.
Casting: Frozen Ramparts (safe; 1% risk of failure)
Confirm with . or Enter, or press ? or * to list all spells.
Casting: Frozen Ramparts (safe; 1% risk of failure)
Press: ? - help, Dir - look around, f - activate The walls around you are covered in ice.
The phantom completely resists.
The wall freezes the phantom but does no damage.
The phantom hits you!
Unknown command.
You hit the phantom.
You destroy the phantom!
Vehumet accepts your kill.
No target in view!
The frozen ramparts melt away.
A wight is nearby!
A wight is nearby!
A centaur zombie comes into view.
Found a leather armour.
Found 4 gold pieces.
You reach down and open the door.
An acid dragon and a gargoyle come into view.
Found a hand axe.
You reach down and close the door.
You see here a +0 leather armour.
You see here 23 arrows.
A hound comes into view.
Are you sure you want to abandon this character and quit the game? (Confirm with "yes".)

#.#.#..### . .#.#.#.## .# .#...
.+...#.# .. #.h....§n
.#.#...##.##.....##.. § .....
#[#.#.#..#.#.#..##§§§§ #.....
##.#.#..$..#..#..# ..§ ##......
....#.#...##..#..##§#.. ........
###..#.#..#..#.#....##.#
........ #.#...#.#.
#..#@...#...##.......
.#####.#.###
#....#......#.......
..##.#.#.#.###.#.#.........#
###..##.##..#.##.##....#.#.####
...#.#.#(.........########.##.##
##.#.#.#.#######..# #......#
#..#....#P....#..# #..##..#
#....##.#.###.#..# ###.###..##
#.#####.).#('.#..#####.#†##....#


You could see a hound (asleep).

Vanquished Creatures
  A hornet (D:6)
  A vampire mosquito (D:7)
  A steam dragon (D:6)
  A water moccasin (D:7)
  An orc warrior (D:7)
  A sky beast (D:5)
  2 ice beasts (D:5)
  A necrophage (D:7)
  2 ogres
  A centaur (D:7)
  A phantom (D:7)
  2 scorpions
  2 bullfrogs (D:7)
  A wyvern zombie (D:6)
  A water moccasin zombie (D:5)
  A wyvern skeleton (D:6)
  A water moccasin skeleton (D:5)
  A howler monkey (D:5)
  A wight (D:7)
  A centaur zombie (D:5)
  A centaur skeleton (D:5)
  Crazy Yiuf (D:2)
  A gnoll shaman (D:7)
  An orc priest (D:5)
  5 hounds
  Jessica (D:3)
  2 iguanas
  3 orc wizards
  2 killer bee zombies (D:7)
  Robin (D:2)
  A howler monkey skeleton (D:5)
  6 adders
  10 gnolls
  2 white imps
  A worm (D:2)
  A dart slug (D:4)
  10 orcs
  4 ball pythons
  8 endoplasms
  2 giant cockroaches
  10 hobgoblins
  6 jackals
  2 quokkas
  6 bats
  3 frilled lizards
  14 goblins
  6 kobolds
  5 rats
139 creatures vanquished.

Vanquished Creatures (others)
  3 fungi (D:2)
  2 plants (D:7)
5 creatures vanquished.

Grand Total: 144 creatures vanquished

Notes
Turn   | Place    | Note
-------+----------+-------------------------------------------
     0 | D:1      | gruber the Merfolk Ice Elementalist began the quest for the
                  | Orb.
     0 | D:1      | Reached XP level 1. HP: 13/13 MP: 3/3
   362 | D:1      | Reached XP level 2. HP: 15/19 MP: 0/5
   769 | D:1      | Reached skill level 5 in Ice Magic
  1209 | D:2      | Found a sacrificial altar of Ru.
  1298 | D:2      | Found Lorhe's Book Emporium.
  1548 | D:2      | Found Ruekk's Jewellery Emporium.
  1553 | D:2      | Reached XP level 3. HP: 18/24 MP: 2/6
  1557 | D:2      | Learned a level 3 spell: Frozen Ramparts
  1651 | D:2      | Noticed Robin
  1657 | D:2      | Killed Robin
  2061 | D:2      | Reached XP level 4. HP: 22/30 MP: 0/8
  2341 | D:2      | Found Coxe Beo's Armour Shoppe.
  2487 | D:2      | Found Ifej's Book Shoppe.
  2696 | D:2      | Found Tiaf's Weapon Boutique.
  2893 | D:2      | Found a runed translucent door.
  2894 | D:2      | Noticed Crazy Yiuf
  3071 | D:2      | Killed Crazy Yiuf
  3072 | D:2      | Reached XP level 5. HP: 21/35 MP: 3/10
  3300 | D:3      | Noticed Jessica
  3317 | D:3      | Killed Jessica
  3318 | D:3      | Reached skill level 6 in Ice Magic
  3376 | D:3      | Noticed a necrophage
  3389 | D:3      | Found a hazy altar of Hepliaklqana.
  3396 | D:3      | Found a faded altar of an unknown god.
  3562 | D:3      | Learned a level 4 spell: Hailstorm
  3876 | D:4      | Found a staircase to the Ecumenical Temple.
  3896 | Temple   | Entered the Ecumenical Temple
  3956 | Temple   | Became a worshipper of Vehumet
  4373 | D:4      | Found Qimo's Self-Improvement Boutique.
  4383 | D:4      | Noticed an ogre
  4397 | D:4      | Reached XP level 6. HP: 38/41 MP: 8/12
  4401 | D:4      | Reached skill level 7 in Ice Magic
  4521 | D:4      | Found a sacrificial altar of Ru.
  4934 | D:4      | Found a glowing golden altar of the Shining One.
  4982 | D:5      | Entered Level 5 of the Dungeon
  5014 | D:5      | Noticed an ice beast
  5162 | D:5      | Noticed Statics's ghost (amateur DsGl)
  5167 | D:5      | Found a transporter.
  5175 | D:5      | Found a transporter.
  5195 | D:5      | Reached XP level 7. HP: 43/46 MP: 6/13
  5200 | D:5      | Reached * piety under Vehumet
  5200 | D:5      | Offered knowledge of Foxfire by Vehumet.
  5201 | D:5      | Reached skill level 8 in Ice Magic
  5645 | D:5      | Found a broken altar of Ashenzari.
  5851 | D:4      | Learned a level 5 spell: Bolt of Magma
  5981 | D:5      | Reached skill level 1 in Conjurations
  6525 | D:6      | Noticed a steam dragon
  6540 | D:6      | Killed a steam dragon
  6541 | D:6      | Noticed a hornet
  6583 | D:6      | Paralysed by a hornet for 1 turns
  6584 | D:6      | Killed a hornet
  6585 | D:6      | Reached XP level 8. HP: 21/52 MP: 1/14
  6839 | D:5      | Reached skill level 1 in Evocations
  7153 | D:5      | Reached skill level 5 in Conjurations
  7996 | D:6      | Reached skill level 1 in Poison Magic
  8494 | D:6      | Reached skill level 1 in Earth Magic
  8494 | D:6      | Reached XP level 9. HP: 57/57 MP: 3/15
  8691 | D:6      | Identified the +0 short sword "Uheikoish" {vorpal, rPois}
  9517 | D:7      | Offered knowledge of Poisonous Vapours by Vehumet.
  9558 | D:7      | Reached skill level 5 in Earth Magic
  9781 | D:7      | Reached ** piety under Vehumet
  9874 | D:7      | Noticed a gargoyle
  9928 | D:7      | Quit the game

Illustrated notes

Levels and vault maps discovered:
D:1:      lightli_arrival_windingriver, layout_loops_ring, st_stairs_6
D:2:      layout_loops_cross, basic_altar, serial_shops, shop,
          nicolae_shop_behind_doors, shop, nicolae_shop_stone, shop, uniq_robin,
          uniq_crazy_yiuf_cottage
D:3:      layout_rooms, nicolae_hepliaklqana_monster_ancestors,
          chequers_ecumenical_altar_island, uniq_jessica
D:4:      layout_loops_ring, nicolae_ru_great_annihilating_truth,
          mainiacjoe_overflow_alcove_4, minmay_temple_entry_glassed_door,
          serial_glass, glass_columns_a, glass_columns_b,
          chequers_serial_rivers_small_b, nicolae_shop_self_help
D:5:      layout_loops_corners, nicolae_overflow_crystal_walls,
          gammafunk_ghost_stat_death
D:6:      corexii_shack_village, layout_loops_ring
D:7:      layout_cave_pools, serial_undead, serial_undead_a, serial_undead_e,
          serial_undead_c, serial_undead_f, serial_undead_b, serial_undead_c,
          minmay_shattered_shrine
Temple:   regret_index_temple_mists

Skill      XL: |  1  2  3  4  5  6  7  8  9 |
---------------+----------------------------+-----
Ice Magic      | 5 6 7 8 |  8.5
Spellcasting   | 3 4 |  4.4
Conjurations   | 4 6 |  6.0
Evocations     | 1 |  1.6
Poison Magic   | 1 |  1.0
Earth Magic    | 1 5 |  5.0
Long Blades    | |  0.1
Axes           | |  0.2
Dodging        | |  2.6
Stealth        | |  2.1
Transmutations | |  0.5

Action                   |  1- 3 |  4- 6 |  7- 9 || total
-------------------------+-------+-------+-------++-------
Melee: Unarmed           |     6 |       |       ||     6
       Dagger            |       |    15 |       ||    15
       Staff             |       |    14 |   126 ||   140
       Short sword       |       |       |    29 ||    29
 Cast: Freeze            |    64 |    60 |    41 ||   165
       Frozen Ramparts   |     2 |     9 |    38 ||    49
       Hailstorm         |       |     2 |    19 ||    21
Evoke: Wand              |       |       |    18 ||    18
  Use: Scroll            |       |     2 |       ||     2
       Potion            |       |       |     1 ||     1
 Stab: Paralysed         |       |       |     6 ||     6
Armor: Robe              |    13 |    27 |   106 ||   146
Dodge: Dodged            |    43 |    65 |   207 ||   315

Table legend: (Time is in decaauts)
 A = Elapsed time spent in this place.
 B = Non-inter-level travel time spent in this place.
 C = Inter-level travel time spent in this place.
 D = Time resting spent in this place.
 E = Time spent auto-exploring this place.
 F = Levels seen in this place.
 G = Mean time per level.
                   A        B        C        D        E       F      G
               +--------+--------+--------+--------+--------+-----+--------+
         Total |   9939 |   9418 |    521 |   1253 |   6627 |   8 | 1242.4 |
       Dungeon |   9888 |   9375 |    513 |   1253 |   6586 |   7 | 1412.6 |
        Temple |     51 |     43 |      8 |      0 |     41 |   1 |   51.0 |
               +--------+--------+--------+--------+--------+-----+--------+

Top non-repeatable levels by time:
     D:5: 2132 daAuts
     D:1: 1797 daAuts
     D:6: 1627 daAuts
     D:2: 1431 daAuts
     D:4: 1342 daAuts
     D:7: 938 daAuts
     D:3: 619 daAuts
  Temple: 51 daAuts
